 Dungeon Sprint DCSS version 0.27-a0-522-g46bbb28828 (webtiles) character file.

Game seed: 11576918072103375438

2030 rocky1 the Geomancer (level 9, 0/55 HPs)
             Began as an Octopode Earth Elementalist on Mar 5, 2021.
             Was a High Priest of Sif Muna.
             Shot with an arrow by a centaur (12 damage)
             ... in the Dungeon (Sprint VII: "The Pits").
             The game lasted 00:07:43 (1169 turns).

rocky1 the Geomancer (Octopode Earth Elementalist)  Turns: 1169, Time: 00:07:44

Health: 0/55       AC:  4    Str:  8    XL:     9   Next: 23%
Magic:  6/20       EV: 14    Int: 20    God:    Sif Muna [*****.]
Gold:   0          SH:  0    Dex: 15    Spells: 3/22 levels left

rFire    . . .     SeeInvis .     - Unarmed
rCold    . . .     Faith    .   (no shield)
rNeg     . . .     Spirit   .   (helmet restricted)
rPois    .         Reflect  .   (no amulet)
rElec    .         Harm     .   m - +3 ring of protection
rCorr    .         Rampage  .   n - +3 ring of dexterity
Will     .....     NoTele   +   (no ring)
Stlth    +++.......             (no ring)
HPRegen  0.18/turn              (no ring)
MPRegen  0.17/turn              (no ring)
                                (no ring)
                                (no ring)

@: no status effects
A: almost no armour, amphibious, 8 rings, constrict 8, camouflage 1, gelatinous
body 1, nimble swimmer 1
a: Renounce Religion, Channel Magic, Forget Spell, Divine Exegesis


You were in the Dungeon.
You worshipped Sif Muna.
Sif Muna was extremely pleased with you.
You visited 1 branch

Inventory:

Hand Weapons
 k - a +1 quarterstaff of protection
 l - a +2 long sword of freezing
Missiles
 b - 15 stones
Jewellery
 m - a +3 ring of protection (left tentacle)
 n - a +3 ring of dexterity (right tentacle)
Scrolls
 h - a scroll of blinking
 i - 5 scrolls of amnesia
 j - a scroll of summoning
Potions
 a - 2 potions of invisibility
 c - 8 potions of curing
 d - 10 potions of heal wounds
 e - 3 potions of haste
 f - 3 potions of magic
 g - 3 potions of berserk rage
 o - 2 potions of brilliance
 p - a potion of might


   Skills:
 + Level 2.4 Fighting
 + Level 3.4 Dodging
 - Level 2.6 Stealth
 + Level 2.4 Unarmed Combat
 + Level 7.4 Spellcasting
 + Level 6.5 Conjurations
 + Level 6.7 Transmutations
 + Level 13.4 Earth Magic
 + Level 8.5 Invocations


You had 3 spell levels left.
You knew the following spells:

 Your Spells              Type           Power        Failure   Level
a - Sandblast             Erth           100%         1%          1
b - Stone Arrow           Conj/Erth      94%          1%          3
c - Lee's Rapid Deconstr  Erth           28%          1%          5
d - Petrify               Tmut/Erth      47%          1%          4
e - Statue Form           Tmut/Erth      31%          22%         6

Your spell library contained the following spells:

 Spells                   Type           Power        Failure   Level
 Passwall                 Tmut/Erth      39%          1%          2
 Conjure Flame            Conj/Fire      20%          7%          3
 Portal Projectile        Hex/Tloc       14%          26%         3
 Leda's Liquefaction      Hex/Erth       17%          5%          4
 Borgnjor's Vile Clutch   Necr/Erth      17%          16%         5
 Fireball                 Conj/Fire      10%          54%         5
 Olgreb's Toxic Radiance  Pois           7%           65%         4
 Starburst                Conj/Fire      10%          98%         6
 Malign Gateway           Summ/Tloc      3%           100%        7
 Disjunction              Tloc           3%           100%        8
 Lehudib's Crystal Spear  Conj/Erth      23%          100%        8


Dungeon Overview and Level Annotations

Branches:
Dungeon (1/1)

Altars:
Ashenzari
Cheibriados
Dithmenos
Elyvilon
Fedhas
Gozag
Hepliaklqana
Kikubaaqudgha
Makhleb
Nemelex Xobeh
Okawaru
Qazlal
Ru
Sif Muna
Trog
Uskayaw
Vehumet
Wu Jian
Xom
Yredelemnul
Zin
The Shining One
Beogh
Jiyva
Lugonu


Innate Abilities, Weirdness & Mutations

You cannot wear most types of armour.
You are amphibious.
You can wear up to eight rings at the same time.
You can use your tentacles to constrict eight enemies at once.
Your skin changes colour to match your surroundings (Stealth+).
Your rubbery body absorbs attacks. (AC +1, EV +1)
You are stealthy while swimming. (Stealth+)


Message History

The blast of metal fragments hits Joseph!!
You kill Joseph!
Sif Muna accepts your kill.
A centaur comes into view.
Your Fighting skill increases to level 1!
Your Unarmed Combat skill increases to level 1!
Your Conjurations skill increases to level 6!
Your Invocations skill increases to level 8!
You have reached level 9!
Your experience leads to an increase in your attributes!
Your base attributes are Str 8, Int 19, Dex 12.
Increase (S)trength, (I)ntelligence, or (D)exterity?
You feel clever.
Unknown command.
Casting: Lee's Rapid Deconstruction (dangerous; 1% risk of failure)
Confirm with . or Enter, or press ? or * to list all spells.
Aiming: Lee's Rapid Deconstruction (dangerous; 1% risk of failure)
Press: ? - help, Dir - move target A metal wall.
The metal wall shatters!
The blast of metal fragments hits the smoke demon!!
You kill the smoke demon!
Sif Muna accepts your kill.
The centaur shouts!
The centaur wields a +0 shortbow.
The centaur shoots an arrow.
The arrow hits you!
The centaur shoots an arrow.
The arrow hits you!
* * * LOW HITPOINT WARNING * * *
Your Fighting skill increases to level 2!
Your Dodging skill increases to level 3!
Your Unarmed Combat skill increases to level 2!
Casting: Lee's Rapid Deconstruction (dangerous; 1% risk of failure)
Confirm with . or Enter, or press ? or * to list all spells.
Aiming: Lee's Rapid Deconstruction (dangerous; 1% risk of failure)
Press: ? - help, Dir - move target A metal wall.
The metal wall shatters!
The blast of metal fragments hits the centaur!
The centaur is severely wounded.
The centaur shoots an arrow.
The arrow hits you!
You die...

#######++##########
..............##..#
....#..#......##..#
..............''..#
..............''..######
....#..#......##@...)..c
..............##........
#'#####++###############
.....# .....# .....#
.<...# .....# .....#


You could see a centaur.

Vanquished Creatures
  Harold (D)
  Joseph (D)
  A smoke demon (D)
  A spriggan (D)
  A floating eye (D)
  A wolf (D)
  4 wights (D)
  A crimson imp (D)
  A jelly (D)
  An orc priest (D)
  A gnoll shaman (D)
  A mummy (D)
  6 gnolls (D)
  2 adders (D)
  A river rat (D)
  A leopard gecko (D)
  An orc (D)
  2 ball pythons (D)
  2 frilled lizards (D)
  A jackal zombie (D)
  2 kobolds (D)
  A leopard gecko skeleton (D)
  A rat (D)
35 creatures vanquished.

Notes
Turn   | Place    | Note
-------+----------+-------------------------------------------
     0 | D        | rocky1 the Octopode Earth Elementalist began the quest for
                  | the Orb.
     0 | D        | Reached XP level 1. HP: 11/11 MP: 3/3
    11 | D        | Noticed a floating eye
    15 | D        | Paralysed by a floating eye for 4 turns
    22 | D        | Killed a floating eye
    23 | D        | Reached skill level 9 in Earth Magic
    23 | D        | Reached XP level 2. HP: 17/17 MP: 5/5
    23 | D        | Reached XP level 3. HP: 21/21 MP: 6/6
    23 | D        | Reached XP level 4. HP: 27/27 MP: 7/7
    27 | D        | Learned a level 3 spell: Stone Arrow
    30 | D        | Found a bloodstained altar of Trog.
    30 | D        | Found a shimmering blue altar of Sif Muna.
    30 | D        | Found a viscous altar of Jiyva.
    30 | D        | Found a hazy altar of Hepliaklqana.
    30 | D        | Found an opulent altar of Gozag.
    31 | D        | Found a glowing golden altar of the Shining One.
    31 | D        | Found a glowing silver altar of Zin.
    31 | D        | Found a basalt altar of Yredelemnul.
    31 | D        | Found a shimmering altar of Xom.
    31 | D        | Found an ornate altar of the Wu Jian Council.
    31 | D        | Found a sacrificial altar of Ru.
    31 | D        | Found a stormy altar of Qazlal.
    31 | D        | Found an iron altar of Okawaru.
    31 | D        | Found a sparkling altar of Nemelex Xobeh.
    31 | D        | Found a burning altar of Makhleb.
    31 | D        | Found a blossoming altar of Fedhas.
    31 | D        | Found a white marble altar of Elyvilon.
    31 | D        | Found a shadowy altar of Dithmenos.
    31 | D        | Found a snail-covered altar of Cheibriados.
    33 | D        | Found a radiant altar of Vehumet.
    33 | D        | Found a corrupted altar of Lugonu.
    34 | D        | Found a hide-covered altar of Uskayaw.
    34 | D        | Found an ancient bone altar of Kikubaaqudgha.
    34 | D        | Found a broken altar of Ashenzari.
    36 | D        | Became a worshipper of Sif Muna the Loreminder
    84 | D        | Reached * piety under Sif Muna
   227 | D        | Reached ** piety under Sif Muna
   228 | D        | Reached XP level 5. HP: 22/31 MP: 6/8
   399 | D        | Reached *** piety under Sif Muna
   400 | D        | Reached skill level 10 in Earth Magic
   421 | D        | Noticed a wolf
   428 | D        | Reached skill level 11 in Earth Magic
   433 | D        | Reached skill level 1 in Invocations
   434 | D        | Reached XP level 6. HP: 36/36 MP: 3/10
   495 | D        | Reached **** piety under Sif Muna
   504 | D        | Reached skill level 12 in Earth Magic
   590 | D        | Learned a level 5 spell: Lee's Rapid Deconstruction
   599 | D        | Learned a level 4 spell: Petrify
   612 | D        | Reached skill level 5 in Invocations
   612 | D        | Reached XP level 7. HP: 38/41 MP: 5/14
   613 | D        | Reached ***** piety under Sif Muna
   613 | D        | Identified Sif Muna's Volume of Ashen Displacement (Sif
                  | Muna gifted it to you in the Dungeon)
   613 | D        | Received a gift from Sif Muna
   632 | D        | Reached skill level 5 in Spellcasting
   787 | D        | Noticed a spriggan
   788 | D        | Killed a spriggan
   872 | D        | Noticed Harold
   877 | D        | Identified Caammeh's Volume of Ignition and Poison (Sif
                  | Muna gifted it to you in the Dungeon)
   877 | D        | Received a gift from Sif Muna
   878 | D        | Killed Harold
   879 | D        | Reached skill level 5 in Conjurations
   879 | D        | Reached skill level 13 in Earth Magic
   879 | D        | Reached XP level 8. HP: 46/46 MP: 0/18
   968 | D        | Learned a level 6 spell: Statue Form
  1160 | D        | Noticed Joseph
  1161 | D        | Noticed a smoke demon
  1167 | D        | Killed Joseph
  1168 | D        | Reached skill level 1 in Fighting
  1168 | D        | Reached skill level 1 in Unarmed Combat
  1168 | D        | Reached XP level 9. HP: 30/54 MP: 8/19
  1168 | D        | Killed a smoke demon
  1169 | D        | Shot with an arrow by a centaur

Illustrated notes

Levels and vault maps discovered:
D:        pitsprint [storerooms_1, entrance_room_1, metal_vault_2, armoury_2,
          mini_pit_1, grid_room_1, main_hall_1, silver_pit, the_coven_3,
          the_vestibule_1, steel_vault_4, golden_pit, hallway_of_sentries,
          crystal_vault_2, iron_vault_2, final_vault]

Skill      XL: |  1  2  3  4  5  6  7  8  9 |
---------------+----------------------------+-----
Earth Magic    | 9 11 12 13 | 13.4
Invocations    | 2 5 7 8 |  8.5
Spellcasting   | 4 6 7 |  7.4
Conjurations   | 2 5 6 |  6.5
Transmutations | 2 6 |  6.7
Fighting       | 1 2 |  2.4
Unarmed Combat | 1 2 |  2.4
Dodging        | 3 |  3.4
Stealth        | |  2.6

Action                   |  1- 3 |  4- 6 |  7- 9 || total
-------------------------+-------+-------+-------++-------
Melee: Unarmed           |     6 |    20 |       ||    26
       Constrict         |     2 |     5 |       ||     7
       Tentacles         |     1 |     2 |       ||     3
 Cast: Sandblast         |       |    17 |     8 ||    25
       Stone Arrow       |       |     2 |     1 ||     3
       Lee's Rapid Decon |       |     1 |    12 ||    13
Invok: Channel Magic     |       |       |     2 ||     2
  Use: Potion            |       |       |     1 ||     1
 Stab: Sleeping          |     1 |     3 |       ||     4
Armor: Skin              |       |     3 |     1 ||     4
Dodge: Dodged            |       |    20 |     3 ||    23

Table legend: (Time is in decaauts)
 A = Elapsed time spent in this place.
 B = Non-inter-level travel time spent in this place.
 C = Inter-level travel time spent in this place.
 D = Time resting spent in this place.
 E = Time spent auto-exploring this place.
 F = Levels seen in this place.
 G = Mean time per level.
                   A        B        C        D        E       F      G
               +--------+--------+--------+--------+--------+-----+--------+
         Total |   1168 |   1168 |      0 |    751 |      0 |   1 | 1168.0 |
       Dungeon |   1168 |   1168 |      0 |    751 |      0 |   1 | 1168.0 |
               +--------+--------+--------+--------+--------+-----+--------+

Top non-repeatable levels by time:
       D: 1168 daAuts
